 Dungeon Crawl Stone Soup version 0.16.2-12-gd0ad4c3 (webtiles) character file.

46526 tognito the Severer (level 14, 0/141 HPs)
             Began as a Minotaur Berserker on Oct 31, 2015.
             Was the Champion of Trog.
             Killed by Olgreb's Toxic Radiance
             ... invoked by a naga ritualist
              (10 damage)
             ... on level 3 of the Snake Pit on Dec 5, 2015.
             The game lasted 01:56:13 (19276 turns).

tognito the Severer (Minotaur Berserker)           Turns: 19276, Time: 01:56:13

Health: 0/141      AC: 29    Str: 27    XL:     14   Next: 5%
Magic:  8/8        EV:  9    Int:  6    God:    Trog [******]
Gold:   914        SH:  0    Dex: 12    Spells: 0 memorised, 13 levels left

rFire  . . .     SeeInvis .     a - +2 war axe (flame)
rCold  . . .     Clarity  .     j - +5 plate armour
rNeg   . . .     SustAb   .     (no shield)
rPois  .         Gourm    +     x - +2 hat
rElec  .         Spirit   .     v - +0 cloak
rCorr  .         Warding  .     C - +1 pair of gloves
rMut   .         Stasis   .     z - +2 pair of boots
MR     +....                    k - amulet of the gourmand
Stlth  ..........               r - ring of poison resistance
                                G - ring of stealth

@: lethally poisoned (0 -> 0), poison vulnerable, somewhat resistant to hostile
enchantments, extremely unstealthy
A: retaliatory headbutt, beak, horns 2, thin skeletal structure 1, clever 1,
robust 1, screaming 1, MP-powered wands 1
a: Burn Spellbooks, Berserk, Trog's Hand, Brothers in Arms, Renounce Religion


You were on level 3 of the Snake Pit.
You worshipped Trog.
Trog was exalted by your worship.
You were full.

You visited 3 branches of the dungeon, and saw 18 of its levels.
You also visited: Ossuary.

You collected 1110 gold pieces.
You spent 196 gold pieces at shops.

Inventory:

Hand weapons
 a - a +2 war axe of flaming (weapon)
 b - a +3 shortbow of freezing
Missiles
 u - 89 arrows
Armour
 j - a +5 plate armour (worn)
 v - a +0 cloak (worn)
 x - a +2 hat (worn)
 z - a +2 pair of boots (worn)
 C - a +1 pair of gloves (worn)
Jewellery
 k - an amulet of the gourmand (around neck)
 l - an uncursed ring of protection from cold
 r - a ring of poison resistance (right hand)
 F - an uncursed ring of teleportation
 G - a ring of stealth (left hand)
Magical devices
 s - a wand of heal wounds (9)
 y - a wand of lightning (6)
 B - a wand of flame (13)
 E - a wand of confusion (19)
 K - a wand of fireball (4)
 M - a wand of frost (23)
Scrolls
 d - 16 scrolls of identify
 i - 3 scrolls of magic mapping
 o - 9 scrolls of remove curse
 q - 4 scrolls of fog
 A - a scroll of teleportation
 H - 4 scrolls of recharging
 I - 2 scrolls of fear
Potions
 t - 2 potions of haste
 w - 5 potions of flight
 D - 5 potions of restore abilities
 N - a potion of heal wounds
 O - a potion of might {unknown}
Miscellaneous
 g - a sack of spiders {used: 4}
 n - a plain deck of war
 L - a fan of gales (inert)
Comestibles
 c - 13 bread rations
 f - 7 meat rations
 h - a slice of pizza
 m - 10 fruits
 p - 5 beef jerkies
 J - a royal jelly


   Skills:
 * Level 13.5 Fighting
 * Level 15.3 Axes
   Level 6.0 Slings
 + Level 12.1 Bows
 + Level 10.2 Armour
 + Level 4.8 Dodging
 * Level 7.8 Stealth
 + Level 0.2 Unarmed Combat
 + Level 1.3 Evocations


You had 13 spell levels left.
You didn't know any spells.

Dungeon Overview and Level Annotations

Branches:
Dungeon (9/15)             Temple (0/1) D:6            Lair (6/8) D:9
 Shoals (0/5) Lair:4        Snake (3/5) Lair:6
  Slime: Lair:6-8       Orc: D:9-12

Altars:
Ashenzari
Cheibriados
Elyvilon
Fedhas
Gozag
Kikubaaqudgha
Makhleb
Okawaru
Trog
Yredelemnul

Shops:
D:7 (![   Snake:1 !


Innate Abilities, Weirdness & Mutations

You reflexively headbutt those who attack you in melee.
You have a pair of horns on your head.
You have a beak for a mouth.
You have a somewhat thin skeletal structure (Dex +2, Stealth).
Your mind is acute. (Int +2)
You are robust (+10% HP).
You occasionally shout uncontrollably at your foes.
You expend magic power (3 MP) to slightly strengthen your wands.


Message History

* * * LOW HITPOINT WARNING * * *
You feel sick.
* * * LOW HITPOINT WARNING * * *
You are more poisoned.
Your air elemental merges itself into the air.
Your air elemental forms itself from the air!
Your air elemental merges itself into the air.
Drink which item? (? for menu, Esc to quit)
You feel better.
* * * LOW HITPOINT WARNING * * *
You are poisoned.
Your air elemental forms itself from the air!
Your air elemental hits the naga ritualist.
Your air elemental hits the naga ritualist but does no damage.
Your air elemental merges itself into the air.
Your air elemental forms itself from the air!
You barely miss the naga ritualist.
The naga ritualist is moderately wounded.
You feel sick.
You die...

#. ####.......# # #
#.......###..
#...>#)...#.#
#.......#.#.#
##..###.....####..
.....##........(..
#........###.#(####
#.##................
..........@†.#.##
..###....##N##..#.)..
. #.....).E.......#
#[...........#....
....##............
.............#...
................
/.....=.#.#..
.......#..$


You could see a naga ritualist and a friendly air elemental.

Vanquished Creatures
  Rupert (Lair:4)
  Kirke (Snake:2)
  3 hydras
  6 anacondas
  2 shock serpents (Snake:2)
  A naga sharpshooter (Snake:1)
  A naga ritualist (Snake:1)
  4 mana vipers
  The ghost of schauveau the Geomancer, an experienced GrEE (D:7)
  A manticore (Lair:4)
  A griffon (Lair:4)
  An oklob plant (Lair:4)
  Maurice (D:9)
  10 elephants
  16 black mambas
  7 spiny frogs
  A torpor snail (Lair:6)
  3 naga magi
  2 fire drakes
  3 komodo dragons
  The ghost of CrazyArbalest the Bolt Thrower, an average MiHu (Ossuary)
  3 wandering mushrooms (Lair:5)
  2 polar bears
  Grinder (D:3)
  5 blink frogs (Lair:5)
  5 basilisks
  A deep elf fighter (D:9)
  6 hippogriffs
  3 hogs (Snake:2)
  20 yaks
  10 wolves
  17 nagas
  8 porcupines
  2 orc warriors
  4 ice beasts
  2 black bears
  7 water moccasins
  6 ogres
  Sigmund (D:6)
  2 centaurs (D:7)
  2 boring beetles (Lair:5)
  6 crocodiles
  A big kobold (D:8)
  11 giant frogs
  6 scorpions
  6 crimson imps
  An electric eel (Lair:2)
  A goliath beetle (D:6)
  2 human zombies (Ossuary)
  A gnoll shaman (D:7)
  8 hounds
  2 jellies
  A centaur zombie (Ossuary)
  A quasit (D:9)
  2 centaur skeletons (D:9)
  5 orc priests
  A giant frog skeleton (D:9)
  5 worker ants
  2 orc wizards
  22 sheep
  8 iguanas
  2 big kobold zombies (Ossuary)
  2 hound zombies
  A mummy (Ossuary)
  A hound skeleton (D:6)
  A worker ant zombie (D:8)
  5 gnolls (D:7)
  15 adders
  5 scorpion zombies (Ossuary)
  50 river rats
  A shadow imp (D:5)
  4 worms
  3 oozes
  15 orcs
  2 bat skeletons
  7 giant cockroaches
  2 gnoll zombies (Ossuary)
  21 hobgoblins
  A ball python (D:2)
  21 bats
  10 giant geckos
  A giant gecko skeleton (D:4)
  A giant gecko zombie (D:5)
  3 giant newts
  A giant spore (D:9)
  10 goblins
  2 hobgoblin zombies
  11 jackals
  18 kobolds
  An orc zombie (Ossuary)
  9 quokkas
  19 rats
  4 spectral orcs (Lair:3)
  9 ballistomycetes
  2 fungi (Lair:5)
  9 plants
535 creatures vanquished.

Vanquished Creatures (collateral kills)
  A hydra (Lair:4)
  Nergalle (Lair:3)
  A mana viper (Snake:1)
  A giant frog (Lair:3)
  A giant newt (D:6)
5 creatures vanquished.

Vanquished Creatures (others)
  3 spiders
  A water moccasin (Snake:2)
  A scorpion (Ossuary)
  2 mummies (Ossuary)
  A giant mite (Lair:4)
  3 giant spores (D:7)
  A kobold zombie (Ossuary)
  A quokka (D:6)
  4 fungi
  2 plants
19 creatures vanquished.

Grand Total: 559 creatures vanquished

Notes
Turn   | Place    | Note
--------------------------------------------------------------
     0 | D:1      | tognito, the Minotaur Berserker, began the quest for the Orb.
     0 | D:1      | Reached XP level 1. HP: 19/19 MP: 1/1
   351 | D:1      | Reached XP level 2. HP: 13/27 MP: 1/1
   492 | D:1      | Reached skill level 4 in Fighting
   903 | D:1      | Acquired Trog's second power
   950 | D:2      | Found a burning altar of Makhleb.
   960 | D:2      | Reached XP level 3. HP: 20/34 MP: 2/2
  1478 | D:2      | Found an iron altar of Okawaru.
  1582 | D:2      | Found a bloodstained altar of Trog.
  1619 | D:2      | Reached XP level 4. HP: 41/41 MP: 2/2
  1817 | D:3      | Reached skill level 5 in Fighting
  1817 | D:3      | Reached skill level 5 in Axes
  1834 | D:3      | Found a snail-covered altar of Cheibriados.
  1926 | D:3      | Reached XP level 5. HP: 48/48 MP: 2/2
  1985 | D:3      | Found a blossoming altar of Fedhas.
  2177 | D:3      | Noticed Grinder
  2185 | D:3      | Paralysed by Grinder for 4 turns
  2202 | D:3      | Killed Grinder
  2202 | D:3      | Reached skill level 6 in Axes
  2202 | D:3      | Reached XP level 6. HP: 26/57 MP: 3/3
  3199 | D:4      | Acquired Trog's third power
  3336 | D:4      | Gained mutation: Your mind is acute. (Int +2) [potion of beneficial mutation]
  3394 | D:5      | Entered Level 5 of the Dungeon
  3406 | D:5      | Reached skill level 1 in Slings
  3650 | D:5      | Reached XP level 7. HP: 56/64 MP: 3/3
  3702 | D:5      | Found a basalt altar of Yredelemnul.
  3777 | D:5      | Found a sand-covered staircase.
  3785 | Ossuary  | Entered an ossuary
  3873 | Ossuary  | Noticed CrazyArbalest's ghost (average MiHu)
  3920 | Ossuary  | Killed CrazyArbalest's ghost
  3920 | Ossuary  | Reached skill level 7 in Fighting
  4145 | Ossuary  | Gained mutation: You have a somewhat thin skeletal structure (Dex +2, Stealth). [potion of mutation]
  4145 | Ossuary  | Gained mutation: You occasionally shout uncontrollably at your foes. [potion of mutation]
  4145 | Ossuary  | Gained mutation: You expend magic power (3 MP) to slightly strengthen your wands. [potion of mutation]
  4255 | Ossuary  | Reached XP level 8. HP: 73/73 MP: 3/3
  4312 | Ossuary  | Gained mutation: You are robust (+10% HP). [potion of beneficial mutation]
  4897 | D:6      | Found a staircase to the Ecumenical Temple.
  5037 | D:6      | Noticed Sigmund
  5325 | D:6      | Reached skill level 8 in Axes
  5431 | D:6      | Reached skill level 5 in Armour
  5557 | D:6      | Gained mutation: You have a beak for a mouth. [potion of beneficial mutation]
  5606 | D:6      | Found a white marble altar of Elyvilon.
  5772 | D:6      | Reached skill level 5 in Slings
  5845 | D:6      | Killed Sigmund
  6403 | D:7      | Reached XP level 9. HP: 76/90 MP: 4/4
  6484 | D:7      | Found Sucasic's Weapon Shop.
  6608 | D:7      | Received a gift from Trog
  6653 | D:7      | Reached skill level 1 in Stealth
  6705 | D:7      | Found Smammyidiy's Distillery.
  6736 | D:7      | Reached skill level 9 in Fighting
  6760 | D:7      | Bought a potion of curing for 36 gold pieces
  6760 | D:7      | Bought a potion of heal wounds for 60 gold pieces
  6767 | D:7      | Reached skill level 1 in Bows
  6862 | D:7      | Found Acamusagg's Antique Armour Shop.
  6893 | D:7      | Bought a runed hat for 100 gold pieces
  7305 | D:7      | Noticed schauveau's ghost (experienced GrEE)
  7325 | D:7      | Killed schauveau's ghost
  7742 | D:8      | Found a shattered altar of Ashenzari.
  7744 | D:8      | Found an opulent altar of Gozag.
  8401 | D:9      | Reached XP level 10. HP: 93/100 MP: 4/4
  8407 | D:9      | Reached skill level 5 in Bows
  8702 | D:9      | Found an ancient bone altar of Kikubaaqudgha.
  8704 | D:9      | Noticed Maurice
  8713 | D:9      | Reached skill level 10 in Axes
  8771 | D:9      | Killed Maurice
  8903 | D:9      | Received a gift from Trog
  9265 | D:9      | Found a staircase to the Lair.
  9272 | D:9      | Reached skill level 10 in Fighting
  9281 | Lair:1   | Entered Level 1 of the Lair of Beasts
  9683 | Lair:1   | Got a fine lajatang
  9684 | Lair:1   | Identified the +6 lajatang of Disembowelment {drain, rElec MR+} (You found it on level 1 of the Lair of Beasts)
 10088 | Lair:1   | Noticed a black mamba
 10090 | Lair:1   | Killed a black mamba
 10190 | Lair:2   | Received a gift from Trog
 10204 | Lair:2   | Reached skill level 11 in Axes
 10380 | Lair:2   | Reached XP level 11. HP: 111/111 MP: 4/4
 10389 | Lair:2   | Noticed a six-headed hydra
 10400 | Lair:2   | Killed a six-headed hydra
 10657 | Lair:2   | Identified a scroll of acquirement
 11286 | Lair:3   | Noticed Nergalle
 11305 | Lair:3   | Killed Nergalle
 11411 | Lair:3   | Received a gift from Trog
 11448 | Lair:3   | Reached skill level 12 in Axes
 11917 | Lair:3   | Noticed a six-headed hydra
 11933 | Lair:3   | Killed a six-headed hydra
 11933 | Lair:3   | Received a gift from Trog
 11933 | Lair:3   | Reached skill level 5 in Stealth
 13199 | Lair:4   | Received a gift from Trog
 13207 | Lair:4   | Reached XP level 12. HP: 90/122 MP: 6/6
 13328 | Lair:4   | Noticed Rupert
 13362 | Lair:4   | HP: 4/122 [Rupert/great mace of protection (15)]
 13366 | Lair:4   | Killed Rupert
 13738 | Lair:4   | Reached skill level 13 in Axes
 13775 | Lair:4   | Found a staircase to the Shoals.
 14102 | Lair:4   | Noticed a five-headed hydra
 14110 | Lair:4   | Noticed a seven-headed hydra
 14114 | Lair:4   | Killed a five-headed hydra
 14123 | Lair:4   | Killed a seven-headed hydra
 14918 | Lair:5   | Reached skill level 10 in Bows
 15216 | Lair:5   | Reached skill level 1 in Evocations
 15570 | Lair:5   | Received a gift from Trog
 15861 | Lair:5   | Received a gift from Trog
 16095 | Lair:5   | Reached skill level 14 in Axes
 16235 | Lair:6   | Reached XP level 13. HP: 115/130 MP: 7/7
 16550 | Lair:6   | Found a staircase to the Snake Pit.
 16584 | Lair:6   | Received a gift from Trog
 16604 | Snake:1  | Entered Level 1 of the Snake Pit
 17214 | Snake:1  | Found Byenyoj's Distillery.
 18442 | Snake:2  | Reached skill level 15 in Axes
 18590 | Snake:2  | Reached skill level 10 in Armour
 18796 | Snake:2  | Noticed Kirke
 18815 | Snake:2  | Killed Kirke
 19261 | Snake:3  | Reached XP level 14. HP: 94/141 MP: 8/8
 19276 | Snake:3  | Killed from afar by a naga ritualist

Action                   |  1- 3 |  4- 6 |  7- 9 | 10-12 | 13-15 || total
-------------------------+-------+-------+-------+-------+-------++-------
Melee: Hand axe          |    62 |   154 |   199 |       |       ||   415
       War axe           |       |       |   149 |   511 |   214 ||   874
       Lajatang          |       |       |       |     5 |       ||     5
       Unarmed           |       |       |       |       |     9 ||     9
 Fire: Hunting sling     |       |    69 |    97 |       |       ||   166
       Shortbow          |       |       |   107 |   412 |   148 ||   667
Throw: Tomahawk          |       |       |       |     4 |       ||     4
Invok: Berserk           |       |     1 |       |       |     1 ||     2
       Burn Spellbooks   |       |       |     1 |     2 |       ||     3
Evoke: Sack of spiders   |       |       |       |     3 |     1 ||     4
       Wand              |       |       |       |     5 |     1 ||     6
       Fan of gales      |       |       |       |     2 |     2 ||     4
  Use: Potion            |     5 |     4 |    10 |     7 |     4 ||    30
       Scroll            |       |       |    20 |     9 |     4 ||    33
 Stab: Sleeping          |     1 |       |       |       |       ||     1
       Held in net/web   |       |       |       |     1 |       ||     1
  Eat: Chunk             |     2 |     8 |    12 |    30 |    11 ||    63
       Royal jelly       |       |       |     1 |       |       ||     1
       Pizza             |       |       |     1 |       |       ||     1
